 Dungeon Crawl Stone Soup version 0.27-a0-686-gaed091b46b (webtiles) character file.

Game seed: 16731669788406152825

97 Dreamer the Cudgeller (level 5, -1/40 (42) HPs)
             Began as a Formicid Berserker on Mar 21, 2021.
             Was a Believer of Trog.
             Slain by a crimson imp
             ... wielding a +3 dagger of chaos
              (7 damage)
             ... on level 3 of the Dungeon.
             The game lasted 00:05:09 (3033 turns).

Dreamer the Cudgeller (Formicid Berserker)          Turns: 3033, Time: 00:05:10

HP:   -1/40 (42)    AC: 11    Str: 22    XL:     5   Next: 0%
MP:   5/5           EV: 13    Int:  7    God:    Trog [**....]
Gold: 101           SH:  5    Dex: 10    Spells: 4/4 levels left

rFire    . . .     SeeInvis +   i - +1 whip (freeze)
rCold    . . .     Faith    .   (no shield)
rNeg     . . .     Spirit   .   n - +0 chain mail
rPois    .         Reflect  +   (helmet unavailable)
rElec    .         Harm     .   o - +1 cloak
rCorr    .         Rampage  .   (no gloves)
Will     .....                  (no boots)
Stlth    ..........             g - amulet of reflection
HPRegen  0.13/turn              (no ring)
MPRegen  0.09/turn              (no ring)

@: agile, lethally poisoned (-1 -> -5), very slightly contaminated, lightly
drained
A: permanent stasis, dig shafts and tunnels, antennae 3, four strong arms
a: Dig, Shaft Self, Renounce Religion, Trog's Hand


You were on level 3 of the Dungeon.
You worshipped Trog.
Trog was pleased with you.
You visited 1 branch of the dungeon, and saw 3 of its levels.

You collected 101 gold pieces.

Inventory:

Hand Weapons
 a - a +0 mace
 i - a +1 whip of freezing (weapon)
Armour
 n - a +0 chain mail (worn)
 o - a +1 cloak (worn)
Jewellery
 g - an amulet of reflection (around neck)
 j - an amulet of guardian spirit
Scrolls
 b - a scroll of immolation {unknown}
 d - a scroll of vulnerability {unknown}
 h - 3 scrolls of identify {unknown}
 k - a scroll of holy word {unknown}
 l - a scroll of random uselessness {unknown}
 p - a scroll of acquirement {unknown}
 q - a scroll of teleportation {unknown}
 r - a scroll of amnesia {unknown}
Potions
 c - 2 potions of might {unknown}
 e - a potion of heal wounds {unknown}
 f - a potion of brilliance {unknown}
 m - 2 potions of degeneration {unknown}


   Skills:
 + Level 4.0 Fighting
 * Level 4.2 Maces & Flails
 + Level 3.2 Armour
 - Level 1.7 Dodging


You had 4 spell levels left.
You didn't know any spells.
Your spell library was empty.

Dungeon Overview and Level Annotations

Branches:
Dungeon (3/15)

Altars:
Makhleb
Xom

Shops:
D:1 (


Innate Abilities, Weirdness & Mutations

You cannot be hasted, slowed, berserked, paralysed or teleported.
You can dig through walls and to a lower floor.
You have a pair of large antennae on your head. (SInv)
Your four strong arms can wield two-handed weapons with a shield.


Message History

The crimson imp hits you but does no damage.
You miss the crimson imp.
The crimson imp is heavily wounded.
You flicker for a moment.
You block the crimson imp's attack.
You hit the crimson imp but do no damage.
The crimson imp is heavily wounded.
The crimson imp hits you with a +3 dagger of chaos.
You are more poisoned.
You barely miss the crimson imp.
The crimson imp is moderately wounded.
You feel sick.
You hit the crimson imp but do no damage.
The crimson imp is moderately wounded.
You feel sick. The crimson imp barely misses you.
You closely miss the crimson imp.
The crimson imp is moderately wounded.
You block the crimson imp's attack.
You barely miss the crimson imp.
The crimson imp is moderately wounded.
You flicker back into view.
You feel sick. The crimson imp barely misses you.
You hit the crimson imp. You freeze the crimson imp.
The crimson imp is moderately wounded.
The crimson imp hits you but does no damage.
You feel drained.
You hit the crimson imp. You freeze the crimson imp.
The crimson imp is heavily wounded.
You feel sick.
The crimson imp hits you with a +3 dagger of chaos.
* * * LOW HITPOINT WARNING * * *
You barely miss the crimson imp.
The crimson imp is heavily wounded.
You block the crimson imp's attack.
You closely miss the crimson imp.
The crimson imp is moderately wounded.
The crimson imp grins evilly.
The crimson imp hits you but does no damage.
Space bends around you!
You die...

#............##.# #.##..
#....(.......##.# ######.##..
####.....#########.####..........
.........# #.............####
########## #.............####
#####...............
#_._#...........####
#...#.####......# #..@#.#
#......# ##5##.# #......# #....#
######## ######


You could see a crimson imp.

Vanquished Creatures
  3 adders
  2 dart slugs
  3 leopard geckos
  9 orcs (D:3)
  7 bats
  2 giant cockroaches
  6 goblins
  A hobgoblin (D:3)
  3 jackals (D:1)
  6 kobolds
  3 frilled lizards
  8 rats
53 creatures vanquished.

Notes
Turn   | Place    | Note
-------+----------+-------------------------------------------
     0 | D:1      | Dreamer the Formicid Berserker began the quest for the Orb.
     0 | D:1      | Reached XP level 1. HP: 18/18 MP: 1/1
   155 | D:1      | Reached XP level 2. HP: 24/24 MP: 2/2
   448 | D:1      | Found Fuale's Antique Weapon Shoppe.
   819 | D:2      | Reached XP level 3. HP: 17/29 MP: 3/3
  1795 | D:2      | Reached XP level 4. HP: 37/37 MP: 4/4
  1890 | D:3      | Reached ** piety under Trog
  2891 | D:3      | Reached XP level 5. HP: 31/42 MP: 5/5
  2987 | D:3      | Found a shimmering altar of Xom.
  2988 | D:3      | Found a burning altar of Makhleb.
  3033 | D:3      | Slain by a crimson imp

Illustrated notes

Levels and vault maps discovered:
D:1:      giann_horns, layout_basic, serial_shops, nicolae_shop_stone,
          lemuel_old_faithful
D:2:      layout_basic
D:3:      minmay_wonky_spiral, layout_basic,
          grunt_temple_overflow_champion_of_chaos

Skill      XL: |  1  2  3  4 |
---------------+-------------+-----
Maces & Flails | 4 |  4.2
Armour         | 3 |  3.2
Fighting       | 4 |  4.0
Dodging        | |  1.7

Action                   |  1- 3 |  4- 6 || total
-------------------------+-------+-------++-------
Melee: Mace              |    84 |     3 ||    87
       Whip              |       |   122 ||   122
 Stab: Invisible         |       |     2 ||     2
Armor: Animal skin       |    10 |       ||    10
       Scale mail        |    18 |       ||    18
       Chain mail        |       |    41 ||    41
Dodge: Dodged            |    46 |    28 ||    74
Block: Other             |    22 |    22 ||    44

Table legend: (Time is in decaauts)
 A = Elapsed time spent in this place.
 B = Non-inter-level travel time spent in this place.
 C = Inter-level travel time spent in this place.
 D = Time resting spent in this place.
 E = Time spent auto-exploring this place.
 F = Levels seen in this place.
 G = Mean time per level.
                   A        B        C        D        E       F      G
               +--------+--------+--------+--------+--------+-----+--------+
         Total |   3039 |   3010 |     29 |    641 |   1814 |   3 | 1013.0 |
       Dungeon |   3039 |   3010 |     29 |    641 |   1814 |   3 | 1013.0 |
               +--------+--------+--------+--------+--------+-----+--------+

Top non-repeatable levels by time:
     D:3: 1145 daAuts
     D:2: 1078 daAuts
     D:1: 816 daAuts
